 Dungeon Crawl Stone Soup version 0.30-a0-166-g5d06c95188 (webtiles) character file.

Game seed: 11741274021354793630

459 qw the Shield-Bearer (level 7, -2/41 HPs)
             Began as a Gargoyle Fighter on Sept 28, 2022.
             Was an Initiate of Okawaru.
             Slain by a black bear (4 damage)
             ... on level 5 of the Dungeon.
             The game lasted 00:01:59 (4969 turns).

qw the Shield-Bearer (Gargoyle Fighter)             Turns: 4969, Time: 00:02:00

Health: -2/41      AC: 21    Str: 21    XL:     7   Next: 6%
Magic:  7/7        EV:  2    Int:  9    God:    Okawaru [......]
Gold:   114        SH: 13    Dex:  9    Spells: 6/6 levels left

rFire   . . .      SeeInvis .    Y - +0 war axe
rCold   . . .      Faith    .    k - +0 tower shield
rNeg    + . .      Spirit   .    o - +0 plate armour
rPois   inf        Reflect  .    e - +0 helmet
rElec   +          Harm     .    (no cloak)
rCorr   .          Rampage  .    l - +0 pair of gloves
Will    .....                    i - +2 pair of boots
Stlth   ..........               (no amulet)
HPRegen 0.13/turn                (no ring)
MPRegen 0.10/turn                (no ring)

@: brilliant, about to teleport
A: sickness immunity, AC +4, negative energy resistance 1, electricity
resistance, torment resistance 1, petrification resistance
a: Renounce Religion


You were on level 5 of the Dungeon.
You worshipped Okawaru.
Okawaru was noncommittal.
You visited 2 branches of the dungeon, and saw 6 of its levels.
You also visited: Ossuary.

You collected 168 gold pieces.
You spent 54 gold pieces at shops.


Innate Abilities, Weirdness & Mutations

You are immune to sickness and miasma.
Your stone body is resilient. (AC +4)
You are immune to poison.
You resist negative energy. (rN+)
You are resistant to electric shocks. (rElec)
You are resistant to unholy torment.
You are immune to petrification.


   Skills:
 - Level 3.2 Fighting
 - Level 4.4 Axes
 - Level 3.2 Armour
 + Level 6.9 Shields


You had 6 spell levels left.
You didn't know any spells.
Your spell library was empty.

Inventory:

Hand Weapons
 a - a +0 flail
 b - the +7 whip "Iseha" {drain, Fly}
   (You found it on level 3 of the Dungeon)

   A truly terrible weapon, it drains the life of any living foe it strikes.
   Fly:       It grants you flight.
 Y - a +0 war axe (weapon)
Armour
 e - a +0 helmet (worn)
 i - a +2 pair of boots (worn)
 k - a +0 tower shield (worn)
 l - a +0 pair of gloves (worn)
 o - a +0 plate armour (worn)
Scrolls
 m - 5 scrolls of identify
Potions
 c - a potion of magic
 d - 2 potions of might
 f - a potion of attraction
 g - 3 potions of heal wounds
 h - a potion of haste
 j - 2 potions of lignification
 p - 2 potions of mutation

Dungeon Overview and Level Annotations

Branches:
Dungeon (5/15)             Temple (1/1) D:4         Ossuary (visited)

Altars:
Ashenzari
Cheibriados
Dithmenos
Elyvilon
Fedhas
Gozag
Makhleb
Okawaru
Qazlal
Ru
Sif Muna
Trog
Uskayaw
Wu Jian
Xom
Yredelemnul
Zin
The Shining One

Shops:
D:1 !!   D:2 [


Message History

The black bear is severely wounded.
The black bear bites you but does no damage.
You block the black bear's attack. The black bear barely misses you.
The black bear bites you.
The black bear claws you but does no damage. x2
The black bear bites you but does no damage.
The black bear claws you but does no damage. x2
You hit the black bear.
The black bear is severely wounded.
You block the black bear's attack.
The black bear claws you but does no damage.
The black bear claws you.
The black bear bites you but does no damage.
You block the black bear's attack. The black bear barely misses you.
You hit the black bear.
The black bear is almost dead.
You block the black bear's attack.
The black bear claws you but does no damage. x2
The black bear bites you. The black bear completely misses you.
The black bear claws you but does no damage.
You hit the black bear.
The black bear is almost dead.
The black bear bites you.
The black bear claws you but does no damage. x2
The black bear barely misses you. You block the black bear's attack.
The black bear claws you but does no damage.
The black bear bites you but does no damage.
The black bear claws you but does no damage. x2
You barely miss the black bear.
The black bear is almost dead.
The black bear bites you.
The black bear claws you but does no damage.
You block the black bear's attack. The black bear bites you.
You block the black bear's attack. x2
4969 ||| READING scroll of teleportation.
As you read the scroll of teleportation, it crumbles to dust.
You feel strangely unstable.
The black bear bites you but does no damage.
You block the black bear's attack. The black bear claws you.
You die...

#.##...# #.##.#.#
#.##.#.# #.##.#<#
#############.##.#.#
#..................#
#.###########.##.#.#
#.#### ####.##.#.#
#..@.# #.....#.#.#
####h#####.....#...#
.............###
#####.......##
##......# ########


You could see a black bear (berserk).

Vanquished Creatures
  A human zombie (Ossuary)
  2 centaur zombies (Ossuary)
  2 orc priests
  Jessica (D:2)
  2 orc wizards (D:4)
  3 mummies (Ossuary)
  Robin (D:2)
  3 gnolls (D:3)
  6 adders
  2 worms (D:3)
  A dart slug (D:4)
  6 orcs
  4 ball pythons
  3 endoplasms
  3 giant cockroaches
  A gnoll zombie (Ossuary)
  12 goblins
  11 hobgoblins
  2 jackals (D:4)
  7 kobolds
  5 quokkas
  5 bats
  4 frilled lizards
  2 hobgoblin zombies (Ossuary)
  A kobold zombie (Ossuary)
  An orc zombie (Ossuary)
  4 rats
95 creatures vanquished.

Vanquished Creatures (others)
  An orc wizard (D:4)
  8 plants (D:4)
9 creatures vanquished.

Grand Total: 104 creatures vanquished

Notes
Turn   | Place    | Note
-------+----------+-------------------------------------------
     0 | D:1      | qw the Gargoyle Fighter began the quest for the Orb.
     0 | D:1      | Reached XP level 1. HP: 14/14 MP: 1/1
     0 | D:1      | 0 ||| qw: Version: 0.2-a-12-gaebbb33
     0 | D:1      | 0 ||| qw: Game counter: 1012
     0 | D:1      | 0 ||| qw: Always use a shield: true
     0 | D:1      | 0 ||| qw: God list: Okawaru
     0 | D:1      | 0 ||| qw: Allow faded altars: false
     0 | D:1      | 0 ||| qw: Do Orc after D:15 true
     0 | D:1      | 0 ||| qw: Do second Lair branch before Depths: true
     0 | D:1      | 0 ||| qw: Lair rune preference: random
     0 | D:1      | 0 ||| qw: Plans: Normal, Zot:1-4, God:TSO, Crypt, Tomb,
                  | Pan, Slime:5, Hells, Abyss, Orb
     0 | D:1      | 0 ||| PLANNING D:1-11
   116 | D:1      | Found Moutits's Distillery.
   127 | D:1      | 127 ||| SHOPLISTING 2 potions of attraction (72 gold, have
                  | 0).
   127 | D:1      | 127 ||| SHOPLISTING potion of attraction (36 gold, have 0).
   127 | D:1      | 127 ||| SHOPLISTING potion of heal wounds (60 gold, have
                  | 0).
   127 | D:1      | 127 ||| SHOPLISTING potion of lignification (36 gold, have
                  | 0).
   127 | D:1      | 127 ||| SHOPLISTING potion of might (48 gold, have 0).
   158 | D:1      | 158 ||| Stepping ~*~*~tactically~*~*~ (stealth).
   167 | D:1      | Reached XP level 2. HP: 19/19 MP: 2/2
   187 | D:1      | Found Pumos's Distillery.
   197 | D:1      | 197 ||| SHOPLISTING potion of curing (33 gold, have 0).
   197 | D:1      | 197 ||| SHOPLISTING potion of heal wounds (55 gold, have
                  | 0).
   197 | D:1      | 197 ||| SHOPLISTING potion of mutation (88 gold, have 0).
   423 | D:1      | Reached skill level 3 in Axes
   511 | D:1      | Reached XP level 3. HP: 19/23 MP: 3/3
   647 | D:1      | 647 ||| UPGRADING to +2 pair of boots.
   652 | D:1      | 652 ||| UPGRADING to +0 pair of gloves.
   657 | D:1      | 657 ||| DROPPING amulet of magic regeneration.
   658 | D:1      | 658 ||| DROPPING amulet of faith.
   659 | D:1      | 659 ||| READING 3 scrolls labelled RIETUCR YFRO.
   660 | D:1      | 660 ||| READING scroll labelled AXIETOZ ODOEZ.
   661 | D:1      | 661 ||| DRINKING 2 sedimented green potions.
   662 | D:1      | 662 ||| DRINKING 3 smoky sapphire potions.
   663 | D:1      | 663 ||| DROPPING 2 scrolls of butterflies.
   679 | D:2      | 679 ||| STAIRDANCE
   759 | D:2      | Noticed Robin
   760 | D:2      | 760 ||| Stepping ~*~*~tactically~*~*~ (hiding).
   763 | D:2      | 763 ||| Stepping ~*~*~tactically~*~*~ (stealth).
   794 | D:2      | Killed Robin
   870 | D:2      | Reached XP level 4. HP: 28/28 MP: 4/4
   975 | D:2      | Noticed Jessica
   984 | D:2      | 984 ||| Stepping ~*~*~tactically~*~*~ (hiding).
   985 | D:2      | 985 ||| Stepping ~*~*~tactically~*~*~ (hiding).
   994 | D:2      | Killed Jessica
  1657 | D:2      | Found Retesch's Armour Shop.
  1660 | D:2      | 1660 ||| BUYING +0 chain mail (54 gold).
  1660 | D:2      | Bought a +0 chain mail for 54 gold pieces
  1660 | D:2      | 1660 ||| SHOPLISTING +2 pair of boots of flying (258 gold,
                  | have 0).
  1660 | D:2      | 1660 ||| SHOPLISTING +5 chain mail "Agih Kahuh" {Int+6
                  | Stlth+} (622 gold, have 0).
  1673 | D:2      | 1673 ||| UPGRADING to +0 helmet.
  1678 | D:2      | 1678 ||| UPGRADING to +0 tower shield.
  1688 | D:2      | 1688 ||| DROPPING +0 buckler.
  1689 | D:2      | 1689 ||| UPGRADING to +0 chain mail.
  1699 | D:2      | 1699 ||| DROPPING +0 scale mail.
  1700 | D:2      | 1700 ||| DRINKING 3 bubbling red potions.
  1735 | D:2      | 1735 ||| READING 2 scrolls of identify.
  1735 | D:2      | 1735 ||| IDENTIFYING viscous orange potion
  1793 | D:3      | Identified the +7 whip "Iseha" {drain, Fly}
  1795 | D:3      | 1795 ||| DROPPING +0 club.
  1802 | D:3      | 1802 ||| Stepping ~*~*~tactically~*~*~ (stealth).
  1804 | D:3      | 1804 ||| Stepping ~*~*~tactically~*~*~ (stealth).
  1810 | D:3      | Reached XP level 5. HP: 23/32 MP: 5/5
  2183 | D:3      | Reached skill level 4 in Shields
  2810 | D:3      | HP: 8/32 [orc/+0 hand axe (4)]
  2811 | D:3      | 2811 ||| DRINKING potion of heal wounds.
  2866 | D:3      | 2866 ||| UPGRADING to +0 plate armour.
  2876 | D:3      | 2876 ||| DROPPING +0 chain mail.
  2877 | D:3      | 2877 ||| DROPPING +2 hat.
  2878 | D:3      | 2878 ||| READING 2 scrolls labelled YFOCLE VURGH.
  2881 | D:3      | 2881 ||| READING scroll labelled QUM RUTAAGE.
  2882 | D:3      | 2882 ||| READING scroll labelled NULLUTTEIB.
  2883 | D:3      | 2883 ||| READING scroll labelled PEZ MOHOFO.
  2884 | D:3      | 2884 ||| READING 2 scrolls of identify.
  2884 | D:3      | 2884 ||| IDENTIFYING white potion
  2995 | D:4      | Reached skill level 5 in Shields
  3004 | D:4      | 3004 ||| Stepping ~*~*~tactically~*~*~ (hiding).
  3012 | D:4      | HP: 2/32 [something/magic dart (9)]
  3013 | D:4      | 3013 ||| READING scroll of teleportation.
  3117 | D:4      | 3117 ||| Invisible monster not found???
  3336 | D:4      | Found a staircase to the Ecumenical Temple.
  3337 | D:4      | 3337 ||| PLANNING TEMPLE
  3349 | Temple   | Entered the Ecumenical Temple
  3350 | Temple   | 3350 ||| PLANNING OKAWARU WORSHIP
  3357 | Temple   | Became a worshipper of Warmaster Okawaru
  3358 | Temple   | 3358 ||| PLANNING D:1-11
  3402 | D:4      | Reached XP level 6. HP: 37/37 MP: 6/6
  3653 | D:4      | 3653 ||| FLEEEEING.
  3654 | D:4      | 3654 ||| FLEEEEING.
  3655 | D:4      | 3655 ||| FLEEEEING.
  3656 | D:4      | 3656 ||| FLEEEEING.
  3657 | D:4      | 3657 ||| FLEEEEING.
  3659 | D:4      | 3659 ||| FLEEEEING.
  3660 | D:4      | 3660 ||| FLEEEEING.
  3661 | D:4      | 3661 ||| FLEEEEING.
  3662 | D:4      | 3662 ||| FLEEEEING.
  3663 | D:4      | 3663 ||| FLEEEEING.
  3664 | D:4      | 3664 ||| FLEEEEING.
  3666 | D:4      | 3666 ||| STAIRDANCE
  3731 | D:3      | 3731 ||| READING 5 scrolls of identify.
  3731 | D:3      | 3731 ||| IDENTIFYING murky green potion
  3735 | D:4      | 3735 ||| STAIRDANCE
  3744 | D:4      | 3744 ||| DRINKING 3 potions of curing.
  3744 | D:4      | 3744 ||| (to cure confusion)
  4067 | D:4      | 4067 ||| Stepping ~*~*~tactically~*~*~ (hiding).
  4072 | D:4      | 4072 ||| Stepping ~*~*~tactically~*~*~ (hiding).
  4074 | D:4      | 4074 ||| DRINKING 2 potions of curing.
  4074 | D:4      | 4074 ||| (to cure confusion)
  4095 | D:4      | 4095 ||| DRINKING potion of curing.
  4095 | D:4      | 4095 ||| (to cure confusion)
  4101 | D:4      | Reached skill level 6 in Shields
  4234 | D:5      | Entered Level 5 of the Dungeon
  4235 | D:5      | 4235 ||| PLANNING OSSUARY
  4240 | D:5      | Found a sand-covered staircase.
  4248 | Ossuary  | Entered an ossuary
  4314 | Ossuary  | 4314 ||| Stepping ~*~*~tactically~*~*~ (stealth).
  4818 | Ossuary  | Reached XP level 7. HP: 36/41 MP: 7/7
  4850 | Ossuary  | 4850 ||| READING scroll labelled KUDDOI NIRI.
  4851 | Ossuary  | 4851 ||| READING scroll labelled YMUARUTSUM.
  4912 | Ossuary  | 4912 ||| READING scroll labelled LOMNAU HAOCE.
  4913 | Ossuary  | 4913 ||| DRINKING 2 fuming sapphire potions.
  4914 | Ossuary  | 4914 ||| DRINKING 2 glowing puce potions.
  4915 | Ossuary  | 4915 ||| DROPPING potion of brilliance.
  4930 | D:5      | 4930 ||| PLANNING D:1-11
  4968 | D:5      | HP: 8/41 [black bear (6)]
  4968 | D:5      | HP: 2/41 [black bear (6)]
  4969 | D:5      | 4969 ||| READING scroll of teleportation.
  4969 | D:5      | Slain by a black bear

Levels and vault maps discovered:
D:1:      dpeg_arrival_tiny_a, layout_rooms, serial_shops, shop, shop
D:2:      layout_basic, serial_shops, shop, uniq_robin, uniq_jessica
D:3:      layout_loops_corners
D:4:      layout_loops_ring, minmay_temple_entry_gardened_gates,
          kennysheep_minor_cross, chequers_garden, dreamdust_princess_corridor
D:5:      layout_basic, enter_ossuary_1, palyth_stone_intersect
Temple:   nicolae_temple_no_exploring_needed

Skill      XL: |  1  2  3  4  5  6 |
---------------+-------------------+-----
Axes           | 2 3 4 |  4.4
Shields        | 5 6 |  6.9
Fighting       | |  3.2
Armour         | |  3.2

Action                   |  1- 3 |  4- 6 |  7- 9 || total
-------------------------+-------+-------+-------++-------
Melee: War axe           |   109 |   267 |    17 ||   393
Throw: Boomerang         |       |     8 |       ||     8
  Use: Scroll            |     2 |     8 |     4 ||    14
       Potion            |     2 |     5 |     2 ||     9
Armor: Scale mail        |    66 |    16 |       ||    82
       Chain mail        |       |    52 |       ||    52
       Plate armour      |       |   127 |    44 ||   171
Dodge: Dodged            |    44 |    34 |     8 ||    86
Block: Buckler           |    19 |     4 |       ||    23
       Tower shield      |       |   163 |    30 ||   193

Table legend:
 A = Non-vault XP
 B = Vault XP
 C = Vault XP percentage of total XP
 D = Non-vault monster count
 E = Vault monster count
 F = Vault count percentage of total count
                 A         B        C        D         E       F
            +---------+---------+-------+---------+---------+-------
      Total |     391 |     265 |  40.4 |      72 |      23 |  24.2
            +---------+---------+-------+---------+---------+-------
        D:1 |      36 |       0 |   0.0 |      22 |       0 |   0.0
        D:2 |      39 |      72 |  64.9 |      10 |      12 |  54.5
        D:3 |     117 |       0 |   0.0 |      16 |       0 |   0.0
        D:4 |     199 |       0 |   0.0 |      24 |       0 |   0.0
    Ossuary |       0 |     193 | 100.0 |       0 |      11 | 100.0
            +---------+---------+-------+---------+---------+-------
